 Dungeon Crawl Stone Soup version 0.28-a0-726-g4a9143789a (webtiles) character file.

Game seed: 8470946858480315892

3119 kae the Covert (level 9, -2/45 HPs)
             Began as a Spriggan Enchanter on Oct 27, 2021.
             Was a Follower of Dithmenos.
             Hit by a javelin thrown by a centaur (4 damage)
             ... in a bailey.
             The game lasted 00:10:25 (9741 turns).

kae the Covert (Spriggan Enchanter)                 Turns: 9741, Time: 00:10:26

Health: -2/45      AC:  5    Str:  7    XL:     9   Next: 60%
Magic:  0/19       EV: 20    Int: 23    God:    Dithmenos [*.....]
Gold:   234        SH:  0    Dex: 15    Spells: 10/21 levels left

rFire   x . .      SeeInvis +   a - +1 dagger
rCold   + . .      Faith    .   (shield restricted)
rNeg    . . .      Spirit   .   m - +0 steam dragon scales
rPois   .          Reflect  .   (helmet restricted)
rElec   .          Harm     .   (no cloak)
rCorr   .          Rampage  .   (gloves unavailable)
Will    +....                   (boots unavailable)
Stlth   +++++.....              (no amulet)
HPRegen 0.15/turn               g - +6 ring of intelligence
MPRegen 0.16/turn               e - ring of ice

@: flying, wreathed by umbra, very quick
A: very small, no large weapons, unfitting armour, see invisible, speed 3
a: Renounce Religion


You were in a bailey.
You worshipped Dithmenos.
Dithmenos was aware of your devotion.
You visited 2 branches of the dungeon, and saw 8 of its levels.
You also visited: Bailey.

You collected 367 gold pieces.
You spent 133 gold pieces at shops.

Inventory:

Hand Weapons
 a - a +1 dagger (weapon)
Armour
 m - +0 steam dragon scales (worn)
 o - a +2 robe
Jewellery
 e - a ring of ice (right hand)
 g - a +6 ring of intelligence (left hand)
Scrolls
 h - a scroll of magic mapping
Potions
 b - a potion of haste
 d - a potion of flight
 f - 5 potions of degeneration
 i - 4 potions of lignification
 k - 4 potions of curing
 n - 2 potions of mutation
 p - a potion of magic {unknown}
 q - a potion of resistance


   Skills:
 + Level 4.0 Fighting
 * Level 8.0 Short Blades
 + Level 7.2 Dodging
 + Level 9.2 Stealth
 + Level 6.5 Spellcasting
 + Level 7.2 Hexes


You had 10 spell levels left.
You knew the following spells:

 Your Spells              Type           Power      Damage    Failure   Level
a - Ensorcelled Hibernat  Hex/Ice        72%        N/A       2%          2
b - Confusing Touch       Hex            40%        N/A       1%          3
c - Tukima's Dance        Hex            40%        N/A       1%          3
d - Dazzling Flash        Conj/Hex       48%        N/A       5%          3

Your spell library contained the following spells:

 Spells                   Type           Power      Damage    Failure   Level
 Portal Projectile        Hex/Tloc       48%        N/A       5%          3
 Summon Guardian Golem    Hex/Summ       24%        N/A       5%          3
 Shock                    Conj/Air       28%        1d4       9%          1
 Leda's Liquefaction      Hex/Erth       12%        N/A       19%         4
 Call Canine Familiar     Summ           7%         N/A       24%         3
 Swiftness                Air            7%         N/A       24%         3
 Airstrike                Air            3%         N/A       63%         4
 Fireball                 Conj/Fire      3%         3d4       92%         5
 Starburst                Conj/Fire      3%         6d3       100%        6
 Orb of Destruction       Conj           3%         9d1       100%        7
 Spellforged Servitor     Conj/Summ      3%         N/A       100%        7
 Ignition                 Fire           3%         3d4       100%        8


Dungeon Overview and Level Annotations

Branches:
Dungeon (7/15)             Temple (1/1) D:4          Bailey (1/1)

Altars:
Cheibriados
Dithmenos
Fedhas
Gozag
Hepliaklqana
Kikubaaqudgha
Makhleb
Nemelex Xobeh
Okawaru
Ru
Trog
Uskayaw
Vehumet
Wu Jian
Xom
Yredelemnul
Zin
The Shining One

Shops:
D:3 ?   D:5 !


Innate Abilities, Weirdness & Mutations

You are very small and have problems with some larger weapons.
You are too small for most types of armour.
You have supernaturally acute eyesight. (SInv)
You cover ground extremely quickly. (Speed+++)


Message History

The orc shouts!
You hit the centaur but do no damage.
You hear a shout! x2
The centaur barely misses you. The centaur closely misses you.
You barely miss the centaur. The centaur hits you with a +0 trident!
The centaur kicks you.
* * * LOW HITPOINT WARNING * * *
You barely miss the centaur. The centaur closely misses you. x2
An orc warrior comes into view. It is wielding a +0 trident.
You hit the centaur.
The centaur is lightly wounded.
The centaur misses you. x2
You barely miss the centaur.
The centaur is lightly wounded.
The centaur closely misses you. The centaur completely misses you.
Casting: Ensorcelled Hibernation (safe; 2% risk of failure)
Confirm with . or Enter, or press ? or * to list all spells.
Aiming: Ensorcelled Hibernation (safe; 2% risk of failure)
Press: ? - help, Shift-Dir - straight line, f - orc warrior, p - centaur
Aim: an orc warrior, wielding a +0 trident and wearing a +0 scale mail (chance to affect: 64%)
You feel a surge of power!
The orc warrior resists with significant effort.
The centaur hits you with a +0 trident!
* * * LOW HITPOINT WARNING * * *
The centaur kicks you but does no damage.
You hit the centaur.
The centaur is lightly wounded.
The centaur hits you with a +0 trident.
* * * LOW HITPOINT WARNING * * *
The centaur misses you.
You feel much better. The centaur hits you with a +0 trident.
The centaur closely misses you. The centaur hits you with a +0 trident!
* * * LOW HITPOINT WARNING * * *
The centaur misses you. The centaur completely misses you.
The centaur throws a javelin.
The javelin pierces through you!
* * * LOW HITPOINT WARNING * * *
You see here a +0 halberd.
The centaur throws a javelin.
The javelin pierces through you.
You die...

####⌠.......#≈≈≈≈≈≈≈..≈≈≈≈≈≈≈..≈≈
...#####....#≈≈≈≈≈..≈≈≈...[.≈≈≈..
≈≈≈....##...#≈≈≈≈.≈≈≈.........≈≈≈
..≈≈≈.⌠.#...#≈≈≈≈.≈.............≈
≈≈..≈≈..#.).#≈≈≈.≈≈c⌠.........⌠.≈
.≈≈≈.≈≈.#⌠..#≈≈≈(≈...............
≈..≈≈)≈.##).#≈≈(≈≈....≈≈≈≈≈≈≈....
≈≈≈.≈)≈≈.#.)#####)..≈≈≈o≈≈≈≈≈
..≈.≈≈.≈.#.)')..@..≈≈≈≈≈≈≈≈
..≈.)).≈.#.['..)...≈≈≈o≈?::
..≈.≈≈)≈.#..)......≈≈≈≈≈≈≈≈
≈≈≈.≈.≈≈.#.)#####...≈≈≈≈≈≈≈
≈..≈≈.≈.##..#≈≈.≈≈....≈≈≈≈≈
.≈≈≈.≈≈.#⌠..#≈≈≈.≈........
≈≈..≈≈..#...#≈≈≈.≈≈.⌠.....
..≈≈≈.⌠.#...#≈≈≈≈.≈.......
≈≈≈....##...#≈≈≈≈.≈≈≈.....


You could see an orc warrior, a centaur and an orc.

Vanquished Creatures
  A steam dragon (D:7)
  A water moccasin (D:4)
  9 orc warriors (Bailey)
  A black bear (D:5)
  2 ogres (D:6)
  A necrophage (D:5)
  4 centaurs
  A phantom (D:2)
  Blork the orc (D:4)
  2 scorpions
  A water moccasin skeleton (D:6)
  3 killer bees (D:6)
  3 howler monkeys
  2 centaur zombies
  A bullfrog zombie (D:6)
  2 hounds
  2 orc priests (D:6)
  2 bullfrog skeletons (D:5)
  A centaur skeleton (D:7)
  3 iguanas
  A killer bee zombie (D:6)
  A hound skeleton (D:4)
  A howler monkey zombie (D:7)
  5 gnolls
  6 adders
  An ufetubus (D:5)
  An adder skeleton (D:5)
  2 dart slugs (D:2)
  21 orcs
  2 bats
  8 endoplasms
  3 giant cockroaches
  4 goblins
  9 hobgoblins
  3 jackals (D:2)
  A kobold (D:1)
  3 quokkas
  8 ball pythons
  2 frilled lizards (D:1)
  4 rats
129 creatures vanquished.

Vanquished Creatures (collateral kills)
  2 centaurs (Bailey)
  10 orcs (Bailey)
12 creatures vanquished.

Vanquished Creatures (others)
  5 dancing weapons (Bailey)
5 creatures vanquished.

Grand Total: 146 creatures vanquished

Notes
Turn   | Place    | Note
-------+----------+-------------------------------------------
     0 | D:1      | kae the Spriggan Enchanter began the quest for the Orb.
     0 | D:1      | Reached XP level 1. HP: 9/9 MP: 5/5
   316 | D:1      | Found a faded altar of an unknown god.
   573 | D:1      | Reached XP level 2. HP: 8/13 MP: 6/6
   576 | D:1      | Learned a level 2 spell: Ensorcelled Hibernation
  1500 | D:2      | Reached XP level 3. HP: 15/17 MP: 8/8
  1504 | D:2      | Learned a level 3 spell: Confusing Touch
  2844 | D:3      | Noticed a phantom
  2913 | D:2      | Reached XP level 4. HP: 20/21 MP: 9/9
  3391 | D:2      | Killed a phantom
  3392 | D:2      | Reached skill level 1 in Fighting
  3392 | D:2      | Reached skill level 5 in Stealth
  3392 | D:2      | Reached XP level 5. HP: 18/25 MP: 6/11
  3818 | D:3      | Found Gasutuej's Magic Scroll Emporium.
  3826 | D:3      | Bought a scroll of magic mapping for 49 gold pieces
  4207 | D:4      | Noticed a water moccasin
  4213 | D:4      | Found a staircase to the Ecumenical Temple.
  4220 | D:4      | Killed a water moccasin
  4221 | D:4      | Reached XP level 6. HP: 30/30 MP: 9/12
  4308 | Temple   | Entered the Ecumenical Temple
  4549 | Temple   | Became a worshipper of Dithmenos the Shadowed
  4800 | D:4      | Noticed Blork the orc
  4803 | D:4      | Killed Blork the orc
  4804 | D:4      | Reached skill level 6 in Stealth
  5024 | D:5      | Entered Level 5 of the Dungeon
  5075 | D:5      | Reached XP level 7. HP: 26/35 MP: 11/14
  5077 | D:5      | Reached skill level 5 in Hexes
  5160 | D:5      | Found Wytaulor's Distillery.
  5168 | D:5      | Bought a potion of curing for 42 gold pieces
  5168 | D:5      | Bought a potion of lignification for 42 gold pieces
  5447 | D:5      | Reached skill level 5 in Short Blades
  5447 | D:5      | Reached skill level 5 in Dodging
  5599 | D:5      | Learned a level 3 spell: Tukima's Dance
  6235 | D:6      | Found a bloodstained altar of Trog.
  6235 | D:6      | Found a shimmering altar of Xom.
  6530 | D:6      | Reached skill level 7 in Stealth
  6530 | D:6      | Reached XP level 8. HP: 39/39 MP: 9/16
  6602 | D:6      | Reached skill level 5 in Spellcasting
  6950 | D:6      | Reached * piety under Dithmenos
  7280 | D:6      | Found a burning altar of Makhleb.
  7280 | D:6      | Found a blossoming altar of Fedhas.
  7282 | D:6      | Found a hide-covered altar of Uskayaw.
  7599 | D:7      | Reached skill level 8 in Stealth
  8247 | D:7      | Found a flagged portal.
  8265 | Bailey   | Entered a bailey
  8337 | Bailey   | Reached XP level 9. HP: 38/44 MP: 18/18
  8805 | Bailey   | Reached ** piety under Dithmenos
  9282 | Bailey   | Reached skill level 9 in Stealth
  9663 | Bailey   | Learned a level 3 spell: Dazzling Flash
  9739 | Bailey   | HP: 2/45 [centaur/javelin (10)]
  9741 | Bailey   | Hit by a javelin thrown by a centaur

Illustrated notes

Levels and vault maps discovered:
D:1:      sevenhm_arrival_forest_fort_small_4, layout_rooms,
          hellmonk_ecumenical_altar_slurped_away
D:2:      layout_loops_ring
D:3:      layout_rooms, serial_shops, shop_fountains
D:4:      layout_basic, minmay_temple_entry_glassed_door, uniq_blork_the_orc
D:5:      layout_cave_pods, serial_shops, shop
D:6:      layout_loops_ring, nicolae_overflow_hidden_temple
D:7:      layout_gridville, enter_bailey_7
Temple:   oiseaux_autumnal_temple
Bailey:   bailey_polearm_flooded_kennysheep, bailey

Skill      XL: |  1  2  3  4  5  6  7  8  9 |
---------------+----------------------------+-----
Short Blades   | 2 3 4 5 6 8 |  8.0
Dodging        | 3 4 5 6 7 |  7.2
Spellcasting   | 3 4 5 6 |  6.5
Hexes          | 4 5 6 7 |  7.2
Fighting       | 1 2 3 4 |  4.0
Stealth        | 5 6 7 8 9 |  9.2

Action                   |  1- 3 |  4- 6 |  7- 9 || total
-------------------------+-------+-------+-------++-------
Melee: Dagger            |   222 |    75 |   243 ||   540
 Cast: Ensorcelled Hiber |    14 |    20 |    77 ||   111
       Confusing Touch   |       |     3 |    11 ||    14
       Tukima's Dance    |       |       |    17 ||    17
Invok: Shadow Step       |       |       |     1 ||     1
Evoke: Wand              |       |       |     3 ||     3
  Use: Scroll            |     4 |     3 |     5 ||    12
       Potion            |       |       |     3 ||     3
 Stab: Sleeping          |    13 |    14 |    51 ||    78
       Confused          |       |     4 |    12 ||    16
       Invisible         |       |       |     1 ||     1
       Betrayed ally     |       |       |     1 ||     1
Armor: Robe              |    26 |     8 |    12 ||    46
       Steam dragon scal |       |       |    12 ||    12
Dodge: Dodged            |   181 |    50 |   280 ||   511

Table legend: (Time is in decaauts)
 A = Elapsed time spent in this place.
 B = Non-inter-level travel time spent in this place.
 C = Inter-level travel time spent in this place.
 D = Time resting spent in this place.
 E = Time spent auto-exploring this place.
 F = Levels seen in this place.
 G = Mean time per level.
                   A        B        C        D        E       F      G
               +--------+--------+--------+--------+--------+-----+--------+
         Total |   7884 |   7746 |    138 |   2406 |   3954 |   9 |  876.0 |
       Dungeon |   6436 |   6322 |    114 |   1696 |   3623 |   7 |  919.4 |
        Temple |    169 |    146 |     23 |      0 |    136 |   1 |  169.0 |
        Bailey |   1278 |   1278 |      0 |    709 |    194 |   1 | 1278.0 |
               +--------+--------+--------+--------+--------+-----+--------+

Top non-repeatable levels by time:
     D:2: 1501 daAuts
     D:1: 1450 daAuts
  Bailey: 1278 daAuts
     D:6: 937 daAuts
     D:5: 893 daAuts
     D:7: 617 daAuts
     D:3: 612 daAuts
     D:4: 425 daAuts
  Temple: 169 daAuts
